Map: Neon Violet Square LE

Players

AiLillekanin (Lillekanin)

  • Race: Terran Terran
  • League: Master
  • Spawn Location: 11:00

Reynor - Winner!

  • Race: Zerg Zerg
  • League: Grandmaster
  • Spawn Location: 5:00

Event: WESG Barcelona European Finals 2017

VOD

Have the link to the VOD?

Description

Time

  • Played on: Nov. 23, 2017, 9:12 a.m.
  • Length: 33:37

All games in this series

Show
View Real Time Build Order
Export as new Build Order

AiLillekanin Terran 

Build Orders: Mech 

Get SALT Encoding   

  12  0:00  SCV  
  13  0:13  SCV  
  14  0:17  Supply Depot  
  14  0:25  SCV  
  15  0:36  Refinery  
  15  0:39  SCV  
  16  0:45  Barracks  
  16  0:51  SCV  
  17  1:03  SCV  
  18  1:15  SCV  
  20  1:33  Reaper, Orbital Command  
  20  1:48  Command Center  
  20  1:58  Factory  
  20  2:01  SCV  
  21  2:11  Refinery  
  21  2:12  Barracks Reactor  
  21  2:16  SCV  
  21  2:21  Supply Depot  
  22  2:28  SCV  
  23  2:42  SCV  
  24  2:52  Starport  
  24  2:54  SCV  
  24  2:57  Hellion x2  
  29  3:05  Orbital Command  
  29  3:06  SCV  
  30  3:16  Supply Depot  
  30  3:19  SCV  
  31  3:23  Hellion  
  33  3:27  Hellion  
  33  3:31  SCV  
  33  3:32  SCV  
  37  3:40  Viking  
  39  3:43  SCV  
  39  3:46  SCV  
  40  3:51  Armory  
  40  3:55  SCV  
  41  3:58  SCV  
  42  4:07  SCV, Supply Depot, Hellion  
  45  4:10  SCV, Hellion  
  47  4:19  SCV  
  47  4:22  SCV, Medivac  
  51  4:28  Hellion  
  53  4:31  SCV  
  53  4:34  SCV, Hellion  
  53  4:36  Supply Depot  
  57  4:43  SCV  
  58  4:47  SCV  
  59  4:54  Starport Tech Lab  
  59  4:55  SCV  
  59  4:59  SCV  
  61  5:03  Supply Depot  
  61  5:05  Command Center  
  61  5:09  SCV  
  61  5:10  Hellion x2  
  61  5:12  Terran Vehicle Weapons Level 1  
  66  5:15  SCV  
  67  5:22  Cloaking Field  
  67  5:25  Factory, Banshee  
  67  5:27  Factory, SCV  
  71  5:36  SCV  
  71  5:40  Refinery x2  
  71  5:42  Supply Depot  
  70  5:43  SCV  
  70  5:47  Hellion x2  
  70  5:49  SCV  
  74  5:55  SCV  
  73  6:01  SCV  
  64  6:07  SCV, Supply Depot  
  64  6:11  Supply Depot, Factory Tech Lab x2  
  65  6:12  Banshee  
  65  6:13  SCV  
  65  6:18  Orbital Command  
  69  6:19  SCV  
  69  6:23  Hellion x2  
  69  6:25  SCV  
  75  6:29  Hellion x4  
  75  6:30  Siege Tank x2  
  75  6:31  SCV  
  82  6:37  SCV, Refinery  
  82  6:38  Refinery  
  83  6:43  SCV  
  84  6:51  Command Center  
  84  6:55  Raven  
  86  7:04  Factory  
  86  7:05  Factory  
  86  7:09  Siege Tank  
  86  7:14  SCV  
  87  7:20  SCV x2  
  89  7:26  Armory  
  92  7:36  Infernal Pre-Igniter  
  92  7:38  Banshee  
  92  7:39  Hellion x2  
  92  7:40  SCV  
  92  7:41  Supply Depot  
  92  7:43  SCV  
  101  7:45  Supply Depot  
  101  7:47  Terran Vehicle Weapons Level 2  
  97  7:57  Thor  
  97  7:58  Engineering Bay, Factory Tech Lab x2  
  90  8:07  Thor  
  90  8:11  Widow Mine  
  90  8:12  Widow Mine  
  100  8:25  Missile Turret  
  100  8:26  Missile Turret  
  97  8:30  Missile Turret x2, Siege Tank x2  
  97  8:32  Missile Turret  
  97  8:34  Missile Turret  
  99  8:46  Missile Turret  
  99  8:57  Supply Depot  
  99  8:58  Siege Tank  
  99  8:59  Hellion x2  
  106  9:05  Terran Vehicle And Ship Armor Level 1  
  106  9:10  SCV x2  
  106  9:14  Siege Tank  
  106  9:15  Raven  
  113  9:23  Missile Turret x2  
  113  9:29  Siege Tank  
  113  9:30  Hellion x3  
  122  9:44  SCV, Missile Turret  
  123  9:46  Planetary Fortress  
  123  9:51  SCV x2  
  125  9:56  SCV  
  125  9:59  Siege Tank, Hellion, Refinery  
  133  10:00  Hellion  
  133  10:05  Missile Turret  
  133  10:06  SCV x2  
  132  10:07  Refinery  
  132  10:11  SCV  
  130  10:15  Terran Vehicle Weapons Level 3  
  130  10:16  Starport  
  130  10:18  SCV x2  
  132  10:21  Siege Tank  
  132  10:23  SCV x2  
  132  10:27  Missile Turret  
  137  10:30  SCV x2  
  140  10:35  SCV x2  
  140  10:39  Command Center  
  140  10:41  Siege Tank  
  140  10:42  SCV x2, Hellion  
  148  10:48  Supply Depot  
  148  10:49  SCV  
  146  10:55  Viking x2  
  144  10:57  Missile Turret  
  144  11:06  Siege Tank  
  144  11:09  Siege Tank  
  144  11:11  Hellion x2  
  154  11:12  SCV  
  155  11:21  Supply Depot  
  155  11:30  Supply Depot x2  
  153  11:34  Thor  
  153  11:36  Starport Tech Lab  
  153  11:37  Terran Vehicle And Ship Armor Level 2, Viking  
  155  11:46  Siege Tank  
  156  11:52  Thor  
  156  11:53  Hellion, Siege Tank  
  165  11:55  Hellion  
  167  12:05  Missile Turret  
  167  12:07  Missile Turret  
  167  12:08  Corvid Reactor  
  167  12:09  Raven  
  169  12:25  Fusion Core  
  169  12:27  Missile Turret  
  169  12:28  Missile Turret  
  169  12:29  Missile Turret  
  169  12:33  Viking  
  171  12:40  Refinery  
  171  12:41  Thor  
  177  12:46  Refinery  
  177  12:49  Planetary Fortress  
  177  12:51  Raven  
  177  12:57  Thor  
  181  13:05  Thor  
  187  13:18  Thor  
  189  13:20  Terran Ship Weapons Level 1  
  189  13:22  Viking  
  191  13:30  Starport  
  189  13:36  Missile Turret  
  189  13:38  Missile Turret  
  187  13:44  Raven  
  187  13:47  Hellion x3  
  193  13:55  Supply Depot  
  193  14:05  Terran Vehicle And Ship Armor Level 3  
  193  14:09  Enhanced Munitions  
  193  14:16  Thor  
  196  14:22  Missile Turret  
  190  14:24  Thor  
  190  14:25  Hellion  
  193  14:35  Thor  
  197  14:41  SCV x3  
  197  14:42  Building Armor  
  200  14:49  Missile Turret  
  200  14:52  Starport Tech Lab  
  200  15:08  Missile Turret  
  200  15:17  Sensor Tower x2  
  200  15:26  Missile Turret  
  200  15:27  Siege Tank  
  199  15:34  Refinery  
  199  15:35  Command Center  
  199  15:36  Terran Ship Weapons Level 2, Refinery  
  198  15:52  Missile Turret  
  198  15:55  Battlecruiser  
  198  15:56  Missile Turret  
  200  15:57  Missile Turret  
  200  16:08  Missile Turret  
  199  16:12  Missile Turret  
  199  16:25  Missile Turret  
  199  16:26  Smart Servos  
  199  16:29  Hi-Sec Auto Tracking  
  199  16:53  Planetary Fortress  
  199  17:01  Weapon Refit  
  199  17:09  Command Center x2  
  199  17:18  Command Center  
  196  17:39  Command Center  
  196  17:42  Banshee  
  194  17:55  Banshee  
  194  17:56  Banshee  
  200  17:59  Terran Ship Weapons Level 3  
  200  18:01  Starport  
  200  18:07  Missile Turret  
  200  18:13  Command Center  
  194  18:28  Hyperflight Rotors  
  194  18:29  Advanced Ballistics  
  194  18:34  Banshee  
  191  18:44  Battlecruiser  
  197  18:50  Orbital Command  
  197  18:51  Orbital Command x2  
  195  18:56  Orbital Command  
  195  18:58  Missile Turret  
  195  19:03  Banshee  
  195  19:04  Hellion  
  196  19:15  Thor  
  196  19:17  Hellion  
  199  19:20  Missile Turret  
  198  19:31  Raven  
  200  19:50  Missile Turret  
  200  19:57  Starport Tech Lab  
  194  20:07  Thor  
  194  20:08  Thor x2  
  197  20:29  Banshee  
  200  20:41  Refinery x2  
  200  20:55  Rapid Fire Launchers  
  200  21:00  Missile Turret  
  197  21:36  Missile Turret  
  197  21:37  Hellion  
  199  21:45  Hellion x2  
  162  22:03  Thor x3  
  162  22:06  Thor  
  150  22:10  Banshee x2  
  139  22:20  Hellion  
  131  22:31  Viking x2  
  130  22:39  Hellion  
  131  22:46  Thor x3  
  131  22:49  Thor  
  151  22:53  Raven  
  151  22:55  Planetary Fortress  
  153  23:02  Raven  
  153  23:09  Hellion  
  145  23:29  Siege Tank  
  145  23:33  Raven x2  
  150  23:34  Siege Tank  
  150  23:35  Raven  
  150  23:40  Siege Tank  
  158  23:41  SCV  
  158  23:43  SCV  
  158  23:45  Raven  
  162  24:01  Hellion x2, Siege Tank  
  156  24:09  SCV  
  154  24:13  SCV x2  
  154  24:16  Raven x2  
  160  24:18  Raven  
  162  24:26  SCV  
  162  24:27  SCV x3  
  162  24:28  Raven  
  166  24:58  Thor  
  166  24:59  Thor, Raven x2  
  173  25:01  Raven  
  173  25:04  Orbital Command  
  173  25:06  Siege Tank  
  180  25:07  Hellion  
  180  25:12  Siege Tank  
  183  25:14  SCV  
  186  25:28  Liberator x2  
  186  25:31  SCV x3  
  189  25:37  Hellion  
  189  25:42  Siege Tank  
  197  26:51  Cyclone  
  198  26:56  Barracks Tech Lab  
  198  26:59  Orbital Command  
  198  27:00  Ghost Academy  
  198  27:03  Liberator x2  
  198  27:04  Liberator  
  198  27:07  Barracks  
  198  27:08  Hellion  
  197  27:37  Missile Turret  
  196  27:49  Hellion x2  
  199  27:54  Barracks Tech Lab  
  194  27:59  Liberator  
  194  28:00  Liberator  
  194  28:01  Liberator x2  
  187  28:17  Command Center  
  198  28:29  Missile Turret  
  198  28:31  Missile Turret  
  198  28:32  Missile Turret  
  187  28:35  Ghost  
  187  28:36  Ghost  
  187  28:38  Moebius Reactor  
  190  29:26  Ghost x2  
  191  29:39  Cyclone x3  
  199  30:01  Nuke  
  187  30:30  Thor x2  
  193  30:36  Thor  
  199  31:13  Orbital Command  
  199  31:16  Viking  
  192  31:46  Hellion x3  
  192  31:47  Hellion x3  
  195  32:08  Hellion x2  
  87  33:01  Cyclone  
  87  33:02  Siege Tank  
  61  33:20  SCV x2  
Show
View Real Time Build Order
Export as new Build Order

Reynor Zerg - Winner!

Build Orders: Hatch First 

Get SALT Encoding   

  12  0:01  Drone  
  13  0:13  Overlord  
  13  0:18  Drone  
  14  0:25  Drone, Extractor  
  15  0:32  Drone  
  15  0:35  Drone  
  17  0:53  Hatchery  
  17  0:56  Drone  
  17  1:00  Drone  
  17  1:02  Extractor  
  17  1:16  Spawning Pool  
  16  1:19  Drone  
  16  1:22  Drone  
  18  1:29  Drone  
  19  1:39  Overlord  
  19  1:50  Drone  
  20  2:02  Queen  
  20  2:03  Zergling x2  
  20  2:05  Queen  
  25  2:10  Metabolic Boost  
  25  2:13  Zergling x2  
  26  2:16  Drone  
  26  2:19  Drone  
  26  2:22  Drone  
  29  2:28  Drone  
  30  2:33  Drone  
  31  2:37  Evolution Chamber  
  31  2:38  Drone  
  31  2:40  Queen  
  31  2:44  Overlord  
  34  2:48  Drone  
  35  2:57  Drone  
  36  3:07  Drone x2, Hatchery  
  37  3:14  Drone x3  
  37  3:17  Overlord  
  40  3:22  Drone x2  
  40  3:23  Drone  
  43  3:33  Drone  
  43  3:34  Roach Warren  
  43  3:35  Drone x2  
  45  3:41  Zergling x2  
  45  3:46  Drone  
  47  3:48  Extractor  
  47  3:50  Overlord  
  47  3:51  Drone x2  
  47  3:53  Drone x2  
  50  3:56  Queen  
  52  4:05  Overlord  
  51  4:19  Roach x6  
  51  4:23  Drone, Extractor  
  51  4:24  Roach  
  65  4:26  Queen  
  65  4:29  Roach  
  69  4:33  Drone x3  
  72  4:39  Overlord  
  72  4:45  Overlord  
  72  4:49  Lair, Evolution Chamber  
  72  4:51  Overlord  
  71  4:58  Drone x2  
  73  5:07  Drone x5  
  73  5:08  Drone x3  
  73  5:10  Extractor  
  73  5:11  Drone  
  73  5:12  Spore Crawler  
  80  5:18  Drone  
  80  5:19  Spore Crawler  
  80  5:20  Drone  
  81  5:22  Spore Crawler  
  81  5:24  Zerg Missile Weapons Level 1  
  81  5:27  Drone x2  
  81  5:28  Drone  
  83  5:29  Drone  
  83  5:31  Drone  
  85  5:37  Overlord  
  85  5:38  Drone x3  
  88  5:46  Overlord  
  88  5:47  Glial Reconstitution  
  88  5:51  Drone  
  88  5:52  Overlord  
  88  5:57  Drone x8  
  88  6:00  Drone x2  
  93  6:06  Drone x2  
  93  6:07  Drone x2  
  93  6:10  Extractor  
  96  6:15  Spire  
  96  6:18  Overlord  
  95  6:23  Extractor  
  94  6:30  Overlord  
  94  6:35  Overseer  
  94  6:38  Roach x3  
  100  6:45  Overseer  
  99  6:47  Overlord  
  99  6:52  Spore Crawler  
  98  6:55  Drone  
  98  6:58  Drone x2  
  98  6:59  Overlord  
  101  7:10  Overlord  
  101  7:11  Hatchery  
  100  7:19  Queen  
  100  7:21  Spine Crawler  
  101  7:23  Overlord  
  101  7:28  Mutalisk  
  101  7:29  Mutalisk x11  
  123  7:32  Overlord  
  127  7:37  Roach x4  
  127  7:43  Roach x3  
  139  7:47  Overlord  
  134  7:51  Roach x2  
  134  7:52  Roach x2  
  134  7:58  Overlord  
  140  7:59  Roach x4  
  148  8:07  Roach x3  
  148  8:12  Overlord  
  154  8:15  Queen, Roach x2  
  160  8:27  Hydralisk Den  
  157  8:52  Burrow, Tunneling Claws, Zerg Missile Weapons Level 2  
  155  8:57  Queen, Drone x3  
  160  9:03  Overlord  
  160  9:04  Roach x3  
  160  9:05  Roach x8  
  182  9:11  Roach x3  
  182  9:12  Roach  
  182  9:14  Overlord  
  190  9:17  Roach  
  190  9:23  Roach x4  
  200  9:32  Drone, Spore Crawler  
  200  9:34  Muscular Augments  
  200  9:37  Overseer  
  201  9:42  Overlord  
  201  9:55  Overlord  
  201  10:06  Infestation Pit  
  200  10:08  Overlord  
  196  10:24  Drone x4  
  196  10:26  Extractor  
  199  10:32  Overseer, Spore Crawler  
  199  10:34  Pneumatized Carapace  
  196  10:37  Drone x4  
  196  10:39  Spore Crawler  
  199  10:45  Hive  
  199  10:47  Spire  
  200  11:16  Evolution Chamber  
  197  11:24  Drone x8  
  199  11:26  Drone x2  
  199  11:30  Drone  
  201  11:36  Overlord  
  201  11:49  Extractor  
  201  11:52  Overlord  
  200  11:56  Drone, Spire  
  200  11:59  Overlord x2  
  200  12:04  Zerg Missile Weapons Level 3  
  200  12:08  Pathogen Glands  
  200  12:10  Greater Spire  
  200  12:27  Roach x47  
  200  12:49  Viper  
  200  12:50  Viper  
  200  12:51  Viper  
  198  13:20  Greater Spire  
  198  13:51  Roach x42  
  198  13:55  Zerg Flyer Weapons Level 1  
  198  14:03  Roach x34  
  198  14:23  Roach x26  
  176  14:27  Hydralisk x13  
  176  14:28  Corruptor x4  
  176  14:29  Corruptor x3  
  192  14:42  Hatchery  
  192  14:45  Zerg Flyer Armor Level 1  
  191  14:50  Roach x26  
  191  14:53  Spine Crawler x2  
  191  14:54  Spine Crawler  
  191  14:55  Spine Crawler  
  191  14:59  Corruptor, Overlord  
  189  15:02  Brood Lord x5  
  199  15:16  Evolution Chamber  
  199  15:17  Evolution Chamber  
  181  15:23  Brood Lord  
  181  15:24  Brood Lord  
  184  15:35  Corruptor x2  
  184  15:36  Corruptor x2  
  184  15:38  Brood Lord  
  188  16:03  Roach x16, Extractor  
  183  16:06  Extractor  
  183  16:07  Zerg Flyer Weapons Level 2, Brood Lord x2  
  183  16:08  Zerg Ground Armor Level 1, Brood Lord x2  
  183  16:10  Neural Parasite  
  183  16:11  Infestor x5  
  200  16:49  Zerg Flyer Armor Level 2  
  200  17:17  Spine Crawler  
  199  17:33  Overseer x2  
  199  17:35  Zerg Melee Weapons Level 1  
  199  17:49  Infestor x2  
  198  18:25  Infestor  
  200  18:59  Zerg Ground Armor Level 2  
  200  19:04  Hatchery  
  193  19:13  Infestor x7  
  200  19:32  Spore Crawler  
  200  19:33  Overseer  
  200  19:35  Spore Crawler  
  198  20:02  Infestor x3  
  198  20:03  Infestor x12  
  190  20:10  Corruptor x7  
  198  20:33  Hatchery  
  197  20:49  Zerg Flyer Armor Level 3  
  197  20:51  Zerg Flyer Weapons Level 3  
  197  21:05  Spore Crawler  
  197  21:06  Spore Crawler  
  197  21:08  Spore Crawler  
  197  21:09  Overseer  
  187  21:14  Infestor x6  
  200  21:23  Overseer x3  
  197  21:48  Infestor  
  169  22:08  Corruptor x8  
  147  22:18  Infestor x2  
  147  22:19  Mutalisk  
  147  22:20  Roach x9  
  147  22:21  Roach x11  
  147  22:22  Hydralisk x7  
  199  22:39  Zerg Ground Armor Level 3  
  195  23:30  Brood Lord x2  
  199  23:54  Hatchery  
  196  23:59  Infestor x3  
  196  24:01  Hatchery  
  187  24:08  Hydralisk x2, Brood Lord  
  187  24:09  Hydralisk, Brood Lord x5  
  199  24:31  Extractor  
  198  24:33  Extractor  
  198  24:36  Infestor  
  199  25:09  Overseer  
  199  25:15  Spore Crawler x2  
  197  25:27  Drone x13, Corruptor  
  199  25:41  Spore Crawler  
  199  25:42  Spore Crawler x2  
  197  25:43  Spine Crawler, Spore Crawler  
  197  25:44  Drone x6  
  200  26:11  Zerg Melee Weapons Level 2  
  200  26:26  Drone, Spine Crawler  
  187  27:23  Roach x5  
  187  27:28  Corruptor x3  
  183  27:34  Corruptor x2  
  183  27:35  Viper x5  
  200  27:40  Roach  
  194  27:54  Spine Crawler  
  194  27:55  Roach x2  
  197  28:14  Roach  
  197  28:18  Drone x6  
  197  28:19  Drone x10  
  195  28:43  Hydralisk  
  195  28:48  Overseer  
  197  28:50  Infestor  
  197  28:54  Spine Crawler  
  196  29:23  Infestor  
  196  29:24  Infestor  
  200  30:07  Overseer  
  200  30:10  Roach  
  198  30:33  Infestor x2  
  200  30:44  Zerg Melee Weapons Level 3  
  200  31:10  Roach  
  198  31:32  Infestor  
  196  31:44  Roach  
  194  31:54  Corruptor x3  
  194  32:01  Hatchery  
  199  32:12  Infestor x11  
  175  32:51  Hydralisk x7  
  175  32:52  Hydralisk x5  
  191  33:03  Zergling x6  
  191  33:04  Zergling x16  
  191  33:05  Hydralisk x7  
  188  33:08  Roach  
  192  33:13  Roach x7  
  192  33:14  Roach x3  
Tags
 
Add a new tag
Caveats
  • Supply blocks, unpowered buildings, or Contaminate may cause inaccurate times.
  • Supply counts are checked every 10 seconds.